 Dungeon Crawl Stone Soup version 0.30-a0-591-g3c58d2bc28 (webtiles) character file.

Game seed: 1603381973091627884

1410 Oxelix the Cleaver (level 8, 0/70 HPs)
             Began as a Red Draconian Berserker on Jan 5, 2023.
             Was a Priest of Trog.
             Splashed by a jelly's acid (7 damage)
             ... on level 5 of the Dungeon.
             The game lasted 00:08:41 (5200 turns).

Oxelix the Cleaver (Red Draconian Berserker)        Turns: 5200, Time: 00:08:42

Health: 0/70       AC: -1    Str: 21    XL:     8   Next: 42%
Magic:  8/8        EV: 12    Int:  9    God:    Trog [***...]
Gold:   501        SH:  0    Dex: 10    Spells: 7/7 levels left

rFire   + . .      SeeInvis .    a - +0 hand axe
rCold   + . .      Faith    .    (no shield)
rNeg    . . .      Spirit   .    (body armour unavailable)
rPois   .          Reflect  .    (helmet restricted)
rElec   .          Harm     .    (no cloak)
rCorr   .          Rampage  .    (no gloves)
Will    .....                    j - +0 pair of boots
Stlth   +                        (no amulet)
HPRegen 0.31/turn                b - ring of protection from cold
MPRegen 0.11/turn                o - ring of flight

@: corroded, on berserk cooldown, flying, slowed, very slow
A: breathe fire, AC +6, unfitting armour, fire resistance 1, cold-blooded
a: Breathe Fire, Renounce Religion, Berserk, Trog's Hand


You were on level 5 of the Dungeon.
You worshipped Trog.
Trog was most pleased with you.
You visited 1 branch of the dungeon, and saw 5 of its levels.
You also visited: Sewer.

You collected 525 gold pieces.
You spent 24 gold pieces at shops.

Inventory:

Hand Weapons
 a - a +0 hand axe (weapon)
Armour
 j - a +0 pair of boots (worn)
Jewellery
 b - a ring of protection from cold (left hand)
 o - a ring of flight (right hand)
Wands
 y - a wand of flame (19)
Scrolls
 c - 7 scrolls of identify
 g - 3 scrolls of enchant weapon {unknown}
 h - a scroll of poison {unknown}
 i - 2 scrolls of noise {unknown}
 m - a scroll of fog {unknown}
 q - a scroll of summoning {unknown}
 r - 2 scrolls of blinking {unknown}
 s - a scroll of vulnerability {unknown}
 t - 2 scrolls of enchant armour {unknown}
 v - 5 scrolls of teleportation
 w - a scroll of acquirement {unknown}
 x - 2 scrolls of magic mapping {unknown}
Potions
 d - a potion of degeneration {unknown}
 e - a potion of magic {unknown}
 f - 2 potions of haste {unknown}
 k - 2 potions of curing {unknown}
 l - a potion of lignification {unknown}
 n - 2 potions of resistance
 p - a potion of berserk rage {unknown}
 u - 2 potions of heal wounds {unknown}
 z - a potion of cancellation {unknown}
 A - 4 potions of flight
 B - a potion of mutation {unknown}


   Skills:
 + Level 5.9 Fighting
 * Level 9.9 Axes
 - Level 2.6 Dodging


You had 7 spell levels left.
You didn't know any spells.
Your spell library was empty.

Dungeon Overview and Level Annotations

Branches:
Dungeon (5/15)              Sewer (visited)
 Temple: D:4-7

Altars:

Shops:
D:3 *


Innate Abilities, Weirdness & Mutations

You can breathe blasts of fire.
Your fiery red scales are hard. (AC +6)
You cannot fit into any form of body armour.
Your flesh is heat resistant. (rF+)
You are cold-blooded and may be slowed by cold attacks.


Message History

You hit the hound.
Your tail-slap misses the hound.
The hound is almost dead.
The hound completely misses you. The hound barely misses you.
You completely miss the hound. You tail-slap the hound.
You kill the hound!
Trog accepts your kill.
You start resting.
You hear a distant slurping noise.
A jelly comes into view.
A jelly is nearby!
A jelly is nearby!
The jelly hits you. The acid corrodes you!
You are splashed with acid.
The jelly hits you but does no damage.
You hit the jelly but do no damage.
Your hands burn!
The jelly hits you. The acid corrodes you!
You are splashed with acid!
You hit the jelly.
Your hands burn!
The jelly is moderately wounded.
The jelly closely misses you.
You hit the jelly but do no damage.
Your hands burn!
The jelly is moderately wounded.
The jelly misses you.
You hit the jelly but do no damage.
Your hands burn!
The jelly is moderately wounded.
The jelly closely misses you.
An orc comes into view. It is wielding a +0 flail.
The jelly hits you.
You are splashed with acid!
You completely miss the jelly.
The jelly is moderately wounded.
The jelly hits you.
You are splashed with acid!
* * * LOW HITPOINT WARNING * * *
The orc shouts!
The jelly barely misses you. The jelly attacks as you move away!
The jelly hits you.
* * * LOW HITPOINT WARNING * * *
You are splashed with acid!
* * * LOW HITPOINT WARNING * * *
The jelly hits you.
* * * LOW HITPOINT WARNING * * *
You are splashed with acid!
You die...

## ##.# ..♣ .. #... ...
.. #....#.# .. .....#.###
####### #### .. ...#...#
#.....#####... ..
#...#.###.###.##....## ..
.# #......#.# #.#).####
.. h#.# #.J.#.#.###.#.##
.. #.#?# #..@..#...#...#
.. #!#?#
#.......#.#.)####### ..
#?#.##.#....†..#..##....#
#.#.#o#.###...#..##.##.#
#.#..#.# ##....>##.##.#
#)..#.# #.###....##.#
.....?.#.#.#
#.#########.#
.###..$#.#.#
#...........# #####...#
#############


You could see a jelly and an orc.

Vanquished Creatures
  Grinder (D:3)
  An ice beast (D:5)
  3 ogres
  2 necrophages
  2 scorpions
  2 howler monkeys
  4 hounds
  An orc priest (D:3)
  3 iguanas
  Ijyb (D:4)
  A merfolk avatar (Sewer)
  A merfolk siren (Sewer)
  The ghost of Opifex the Shield-Bearer, a weakling TrFi (D:4)
  5 adders
  7 gnolls
  2 river rats (Sewer)
  An ufetubus (D:4)
  A worm (D:5)
  2 dart slugs (D:1)
  6 orcs
  12 ball pythons
  5 bats
  9 endoplasms
  3 giant cockroaches
  9 goblins
  7 hobgoblins
  2 jackals (D:1)
  5 kobolds
  6 quokkas
  11 frilled lizards
  26 rats
142 creatures vanquished.

Vanquished Creatures (others)
  An ice beast (D:5)
  5 plants (D:2)
6 creatures vanquished.

Grand Total: 148 creatures vanquished

Notes
Turn   | Place    | Note
-------+----------+-------------------------------------------
     0 | D:1      | Oxelix the Draconian Berserker began the quest for the Orb.
     0 | D:1      | Reached XP level 1. HP: 19/19 MP: 1/1
    78 | D:1      | Reached XP level 2. HP: 22/26 MP: 2/2
   198 | D:1      | Reached skill level 4 in Axes
   448 | D:1      | Reached XP level 3. HP: 31/31 MP: 3/3
  1080 | D:2      | Reached skill level 5 in Axes
  1080 | D:2      | Reached XP level 4. HP: 21/38 MP: 4/4
  1353 | D:2      | Reached ** piety under Trog
  1648 | D:3      | Found Polyimol's General Store.
  1661 | D:3      | Bought a scroll of identify for 24 gold pieces
  2163 | D:3      | Noticed a scorpion
  2173 | D:3      | Killed a scorpion
  2174 | D:3      | Reached skill level 6 in Axes
  2174 | D:3      | Reached XP level 5. HP: 45/45 MP: 5/5
  2450 | D:3      | Noticed Grinder
  2450 | D:3      | Paralysed by Grinder for 4 turns
  2462 | D:3      | Killed Grinder
  2463 | D:3      | Reached skill level 7 in Axes
  2463 | D:3      | Reached XP level 6. HP: 51/51 MP: 6/6
  2642 | D:4      | Noticed Opifex's ghost (weakling TrFi)
  2646 | D:4      | Found a transporter.
  2945 | D:4      | Found a transporter.
  3069 | D:4      | Reached skill level 8 in Axes
  3069 | D:4      | Your scales start taking on a fiery red colour.
  3069 | D:4      | Reached XP level 7. HP: 58/58 MP: 7/7
  3069 | D:4      | Gained mutation: Your flesh is heat resistant. (rF+) [Red
                  | Draconian growth]
  3743 | D:4      | Noticed Ijyb
  3770 | D:4      | Killed Ijyb
  3867 | D:4      | Killed Opifex's ghost
  3923 | D:5      | Entered Level 5 of the Dungeon
  4002 | D:5      | Found a glowing drain.
  4020 | Sewer    | Entered a sewer
  4062 | Sewer    | Reached *** piety under Trog
  4152 | Sewer    | Reached skill level 9 in Axes
  4162 | Sewer    | Reached skill level 5 in Fighting
  4579 | Sewer    | Reached XP level 8. HP: 68/68 MP: 8/8
  5200 | D:5      | Splashed by a jelly's acid

Illustrated notes

Levels and vault maps discovered:
D:1:      mrwooster_arrival_statue, layout_loops_ring
D:2:      minmay_chambers_of_ones, layout_loops_ring, nicolae_grassy_gnolls
D:3:      layout_basic, serial_shops, shop_coins, uniq_grinder
D:4:      minmay_door_path, layout_basic, gammafunk_ghost_arena, uniq_ijyb
D:5:      layout_basic, good_gods_temple_1, lemuel_temple_firewalk_a,
          cheibrodos_sewer_entry_drain, minmay_circle_x

Skill      XL: |  1  2  3  4  5  6  7 |
---------------+----------------------+-----
Axes           | 4 5 6 7 8 9 |  9.9
Fighting       | 5 |  5.9
Dodging        | |  2.6

Action                   |  1- 3 |  4- 6 |  7- 9 || total
-------------------------+-------+-------+-------++-------
Melee: Hand axe          |    86 |   116 |   244 ||   446
       Tailslap          |    10 |    10 |    37 ||    57
       Punch             |     1 |     1 |     2 ||     4
Invok: Berserk           |     2 |     5 |     3 ||    10
Armor: Skin              |    26 |    31 |    58 ||   115
Dodge: Dodged            |    50 |    68 |   128 ||   246

Table legend: (Time is in decaauts)
 A = Elapsed time spent in this place.
 B = Non-inter-level travel time spent in this place.
 C = Inter-level travel time spent in this place.
 D = Time resting spent in this place.
 E = Time spent auto-exploring this place.
 F = Levels seen in this place.
 G = Mean time per level.
                   A        B        C        D        E       F      G
               +--------+--------+--------+--------+--------+-----+--------+
         Total |   5254 |   5082 |    172 |    558 |   3361 |   6 |  875.7 |
       Dungeon |   4626 |   4454 |    172 |    333 |   3247 |   5 |  925.2 |
         Sewer |    627 |    627 |      0 |    225 |    114 |   1 |  627.0 |
               +--------+--------+--------+--------+--------+-----+--------+

Top non-repeatable levels by time:
     D:4: 1313 daAuts
     D:3: 1040 daAuts
     D:2: 849 daAuts
     D:1: 783 daAuts
     D:5: 640 daAuts
   Sewer: 627 daAuts
